WIN
LOS ANGELES (WIN) ANGELS @ BOSTON (WIN) RED SOX
12/05/2049
 
TOP OF THE 1ST
Los Angeles (WIN) Angels batting - Pitching for Boston (WIN) Red Sox : RHP Graham Jackson
Pitching: RHP Graham Jackson
Batting: RHB Ivan Barrientos 0-0: Ball
1-0: Ball
2-0: Called Strike
2-1: Called Strike
2-2: Ball
3-2: SINGLE (Line Drive, 4D, EV 98.1 MPH)
Batting: RHB Daniel Molina 0-0: Ball
1-0: Ball
2-0: DOUBLE (Line Drive, 7LM, EV 98.1 MPH)
Ivan Barrientos to third
Batting: LHB Justin Alexander 0-0: Swinging Strike
0-1: Ball
1-1: Ground out 4-3 (Groundball, 34D, EV 101.9 MPH)
Ivan Barrientos scores
Daniel Molina to third
Batting: RHB Sean Rocha 0-0: Ball
1-0: Fly out, F8 (Flyball, 8LM, EV 95.0 MPH)
Runner from 3rd tags up, SCORES, throw by CF
Batting: RHB Dan Myers 0-0: Ball
1-0: Swinging Strike
1-1: Called Strike
1-2: Strikes out swinging
Top of the 1st over - 2 runs, 2 hits, 0 errors, 0 left on base; Los Angeles (WIN) 2 - Boston (WIN) 0
BOTTOM OF THE 1ST
Boston (WIN) Red Sox batting - Pitching for Los Angeles (WIN) Angels : LHP Jon Lawson
Pitching: LHP Jon Lawson
Batting: RHB Joe Sandoval 0-0: Ball
1-0: Fly out, F8 (Flyball, 8RXD, EV 91.9 MPH)
Batting: RHB Hidesuke Yoshida 0-0: Ball
1-0: Called Strike
1-1: Fly out, F7 (Flyball, 78S, EV 93.1 MPH)
Batting: RHB Tony Nunez 0-0: Ground out 5-3 (Groundball, 56S, EV 86.9 MPH)
Bottom of the 1st over - 0 runs, 0 hits, 0 errors, 0 left on base; Los Angeles (WIN) 2 - Boston (WIN) 0
TOP OF THE 2ND
Los Angeles (WIN) Angels batting - Pitching for Boston (WIN) Red Sox : RHP Graham Jackson
Batting: RHB Ken Hillman 0-0: Foul Ball, location: 2F
0-1: Ball
1-1: Ground out 6-3 (Groundball, 6, EV 88.1 MPH)
Batting: RHB Alex Rosaly 0-0: Swinging Strike
0-1: Ball
1-1: Called Strike
1-2: Fly out, F8 (Flyball, 78D, EV 77.5 MPH)
Batting: RHB Brendan Garoutte 0-0: Swinging Strike
0-1: DOUBLE (Flyball, 89D, EV 105.0 MPH)
Batting: SHB Marty Kuehn 0-0: Called Strike
0-1: Ball
1-1: Ball
2-1: Ball
3-1: Base on Balls
Batting: RHB Ivan Barrientos 0-0: Ball
1-0: Called Strike
1-1: Foul Ball, location: 3F
1-2: Ball
2-2: Foul Ball, location: 7LSF
2-2: Foul Ball, location: 3F
2-2: Fly out, F6 (Line Drive, 6, EV 73.1 MPH)
Top of the 2nd over - 0 runs, 1 hit, 0 errors, 2 left on base; Los Angeles (WIN) 2 - Boston (WIN) 0
BOTTOM OF THE 2ND
Boston (WIN) Red Sox batting - Pitching for Los Angeles (WIN) Angels : LHP Jon Lawson
Batting: RHB Dave Burwell 0-0: Ground out 5-3 (Groundball, 56S, EV 85.6 MPH)
Batting: SHB Salvador Padilla 0-0: Foul Ball, location: 2F
0-1: Ball
1-1: Fly out, F8 (Flyball, 78M, EV 96.3 MPH)
Batting: LHB Javier Cajina 0-0: Called Strike
0-1: Called Strike
0-2: Ground out 6-3 (Groundball, 6, EV 86.9 MPH)
Bottom of the 2nd over - 0 runs, 0 hits, 0 errors, 0 left on base; Los Angeles (WIN) 2 - Boston (WIN) 0
TOP OF THE 3RD
Los Angeles (WIN) Angels batting - Pitching for Boston (WIN) Red Sox : RHP Graham Jackson
Batting: RHB Daniel Molina 0-0: Ball
1-0: Ball
2-0: Fly out, F7 (Flyball, 7S, EV 89.4 MPH)
Batting: LHB Justin Alexander 0-0: Foul Ball, location: 9LSF
0-1: Ball
1-1: Swinging Strike
1-2: Ground out 4-3 (Groundball, 4, EV 101.9 MPH)
Batting: RHB Sean Rocha 0-0: Called Strike
0-1: Hit by Pitch
Batting: RHB Dan Myers 0-0: Foul Ball, location: 5SF
0-1: Ball
1-1: Ground out 4-3 (Groundball, 4M, EV 91.3 MPH)
Top of the 3rd over - 0 runs, 0 hits, 0 errors, 1 left on base; Los Angeles (WIN) 2 - Boston (WIN) 0
BOTTOM OF THE 3RD
Boston (WIN) Red Sox batting - Pitching for Los Angeles (WIN) Angels : LHP Jon Lawson
Batting: SHB Matsudaira Ikeda 0-0: Called Strike
0-1: Ball
1-1: Foul Ball, location: 9LSFF
1-2: Ball
2-2: Foul Ball, location: 3SF
2-2: Ball
3-2: Ground out 4-3 (Groundball, 4S, EV 86.3 MPH)
Batting: RHB Ted Emmerich 0-0: Swinging Strike
0-1: Ball
1-1: Foul Ball, location: 9LSF
1-2: Ball
2-2: Strikes out swinging
Batting: RHB Joe Evrard 0-0: Called Strike
0-1: Ball
1-1: Ball
2-1: Swinging Strike
2-2: Foul Ball, location: 2F
2-2: Strikes out swinging
Bottom of the 3rd over - 0 runs, 0 hits, 0 errors, 0 left on base; Los Angeles (WIN) 2 - Boston (WIN) 0
TOP OF THE 4TH
Los Angeles (WIN) Angels batting - Pitching for Boston (WIN) Red Sox : RHP Graham Jackson
Batting: RHB Ken Hillman 0-0: Swinging Strike
0-1: Ball
1-1: Foul Ball, location: 23FF
1-2: Foul Ball, location: 9LSF
1-2: Foul Ball, location: 2F
1-2: Ball
2-2: Strikes out swinging
Batting: RHB Alex Rosaly 0-0: Called Strike
0-1: Swinging Strike
0-2: Strikes out looking
Batting: RHB Brendan Garoutte 0-0: Called Strike
0-1: Called Strike
0-2: Strikes out looking
Top of the 4th over - 0 runs, 0 hits, 0 errors, 0 left on base; Los Angeles (WIN) 2 - Boston (WIN) 0
BOTTOM OF THE 4TH
Boston (WIN) Red Sox batting - Pitching for Los Angeles (WIN) Angels : LHP Jon Lawson
Batting: RHB Joe Sandoval 0-0: Called Strike
0-1: Ball
1-1: SOLO HOME RUN (Flyball, 7LD, EV 93.1 MPH), Distance : 371 ft
Batting: RHB Hidesuke Yoshida 0-0: Called Strike
0-1: Swinging Strike
0-2: Strikes out swinging
Batting: RHB Tony Nunez 0-0: Ball
1-0: Called Strike
1-1: Called Strike
1-2: Strikes out swinging
Batting: RHB Dave Burwell 0-0: Ball
1-0: SINGLE (Groundball, 56, EV 102.5 MPH) (infield hit)
Batting: SHB Salvador Padilla 0-0: Foul Ball, location: 5F
0-1: Foul Ball, location: 2F
0-2: Ball
1-2: Ground out 1-3 (Groundball, 15S, EV 70.0 MPH)
Bottom of the 4th over - 1 run, 2 hits, 0 errors, 1 left on base; Los Angeles (WIN) 2 - Boston (WIN) 1
TOP OF THE 5TH
Los Angeles (WIN) Angels batting - Pitching for Boston (WIN) Red Sox : RHP Graham Jackson
Batting: SHB Marty Kuehn 0-0: Swinging Strike
0-1: Foul Ball, location: 7LDF
0-2: Strikes out swinging
Batting: RHB Ivan Barrientos 0-0: Swinging Strike
0-1: Ball
1-1: Foul Ball, location: 2F
1-2: Ball
2-2: Foul Ball, location: 23FF
2-2: Strikes out swinging
Batting: RHB Daniel Molina 0-0: Swinging Strike
0-1: Swinging Strike
0-2: Ball
1-2: Ball
2-2: Ball
3-2: Strikes out swinging
Top of the 5th over - 0 runs, 0 hits, 0 errors, 0 left on base; Los Angeles (WIN) 2 - Boston (WIN) 1
BOTTOM OF THE 5TH
Boston (WIN) Red Sox batting - Pitching for Los Angeles (WIN) Angels : LHP Jon Lawson
Batting: LHB Javier Cajina 0-0: Ball
1-0: Swinging Strike
1-1: Swinging Strike
1-2: Strikes out looking
Batting: SHB Matsudaira Ikeda 0-0: Called Strike
0-1: SOLO HOME RUN (Flyball, 7LD, EV 90.6 MPH), Distance : 344 ft
Batting: RHB Ted Emmerich 0-0: Ball
1-0: Called Strike
1-1: Ball
2-1: Ground out 6-3 (Groundball, 6, EV 83.1 MPH)
Batting: RHB Joe Evrard 0-0: SINGLE (Groundball, 4MD, EV 94.4 MPH)
Batting: RHB Joe Sandoval 0-0: Called Strike
0-1: Foul Ball, location: 2F
0-2: Ball
1-2: Strikes out looking
Bottom of the 5th over - 1 run, 2 hits, 0 errors, 1 left on base; Los Angeles (WIN) 2 - Boston (WIN) 2
TOP OF THE 6TH
Los Angeles (WIN) Angels batting - Pitching for Boston (WIN) Red Sox : RHP Graham Jackson
Batting: LHB Justin Alexander 0-0: DOUBLE (Line Drive, 9LM, EV 105.6 MPH)
Pitching: RHP Mike Schroeder
Batting: RHB Sean Rocha 0-0: Ball
1-0: SINGLE (Flyball, 9S, EV 91.9 MPH)
Justin Alexander to third
Batting: RHB Dan Myers 0-0: Ball
1-0: Ball
2-0: Ball
3-0: Called Strike
3-1: Called Strike
3-2: Foul Ball, location: 9LMF
3-2: Strikes out swinging
Batting: RHB Ken Hillman 0-0: Called Strike
0-1: Foul Ball, location: 7LDF
0-2: Fly out, F9 (Flyball, 9LM, EV 91.9 MPH)
Runner from 3rd tags up, OUT at HOME! 9-2
Top of the 6th over - 0 runs, 2 hits, 0 errors, 1 left on base; Los Angeles (WIN) 2 - Boston (WIN) 2
BOTTOM OF THE 6TH
Boston (WIN) Red Sox batting - Pitching for Los Angeles (WIN) Angels : LHP Jon Lawson
Batting: RHB Hidesuke Yoshida 0-0: Ball
1-0: Swinging Strike
1-1: Ball
2-1: Ball
3-1: Swinging Strike
3-2: Ground out 5-3 (Groundball, 56, EV 85.6 MPH)
Batting: RHB Tony Nunez 0-0: Called Strike
0-1: Ball
1-1: Swinging Strike
1-2: Fly out, F8 (Flyball, 8LS, EV 101.3 MPH)
Batting: RHB Dave Burwell 0-0: Called Strike
0-1: Fly out, F8 (Flyball, 8RS, EV 88.1 MPH)
Bottom of the 6th over - 0 runs, 0 hits, 0 errors, 0 left on base; Los Angeles (WIN) 2 - Boston (WIN) 2
TOP OF THE 7TH
Los Angeles (WIN) Angels batting - Pitching for Boston (WIN) Red Sox : RHP Mike Schroeder
Batting: RHB Alex Rosaly 0-0: Called Strike
0-1: Ball
1-1: Swinging Strike
1-2: Strikes out looking
Batting: RHB Brendan Garoutte 0-0: Ball
1-0: Ground out 5-3 (Groundball, 56S, EV 83.1 MPH)
Batting: SHB Marty Kuehn 0-0: Ball
1-0: Ball
2-0: Ball
3-0: Base on Balls
Batting: RHB Ivan Barrientos 0-0: Ball
1-0: Swinging Strike
1-1: Foul Ball, location: 5F
1-2: Fly out, F9 (Flyball, 9S, EV 83.8 MPH)
Top of the 7th over - 0 runs, 0 hits, 0 errors, 1 left on base; Los Angeles (WIN) 2 - Boston (WIN) 2
BOTTOM OF THE 7TH
Boston (WIN) Red Sox batting - Pitching for Los Angeles (WIN) Angels : LHP Jon Lawson
Pitching: RHP Carlos Olbera
Batting: SHB Salvador Padilla 0-0: Ball
1-0: Foul Ball, location: 7LDF
1-1: Ground out 4-3 (Groundball, 4, EV 98.8 MPH)
Batting: LHB Javier Cajina 0-0: SINGLE (Line Drive, 7S, EV 100.6 MPH)
Batting: SHB Matsudaira Ikeda 0-0: Fly out, F5 (Line Drive, 5, EV 68.1 MPH)
Pinch Hitting: LHB Zack Guillen 0-0: Ball
Javier Cajina steals 2nd base
1-0: Swinging Strike
1-1: Foul Ball, location: 3F
1-2: Strikes out swinging
Bottom of the 7th over - 0 runs, 1 hit, 0 errors, 1 left on base; Los Angeles (WIN) 2 - Boston (WIN) 2
TOP OF THE 8TH
Los Angeles (WIN) Angels batting - Pitching for Boston (WIN) Red Sox : RHP Mike Schroeder
Pitching: RHP Steve Capizzi
Now at 2B: Joe Sandoval
Now at 3B: Salvador Padilla
Now in LF: Javier Cajina
Now in RF: Zack Guillen
Batting: LHB Jonathon Walton 0-0: Swinging Strike
0-1: Foul Ball, location: 2F
0-2: Ball
1-2: Foul Ball, location: 25F
1-2: TRIPLE (Flyball, 89XD, EV 91.9 MPH)
Batting: LHB Justin Alexander 0-0: Intentional Walk
Batting: RHB Sean Rocha 0-0: Called Strike
0-1: Foul Ball, location: 9LDF
0-2: Ball
1-2: Foul Ball, location: 2F
1-2: Foul Ball, location: 5SF
1-2: Ball
2-2: SINGLE (Groundball, 56, EV 105.6 MPH)
Jonathon Walton scores
Justin Alexander to second
Pinch Hitting: RHB Ryan Munro 0-0: Called Strike
0-1: Ball
1-1: Grounds into double play, 5-4-3 (Groundball, 56, EV 84.4 MPH)
Justin Alexander to third
Batting: RHB Ken Hillman 0-0: Ball
1-0: Ball
2-0: Ball
3-0: Base on Balls
Pinch Hitting: SHB Manuel Martinez 0-0: Ball
1-0: Ball
Ken Hillman is caught stealing 2nd base 2-6
Top of the 8th over - 1 run, 2 hits, 0 errors, 1 left on base; Los Angeles (WIN) 3 - Boston (WIN) 2
BOTTOM OF THE 8TH
Boston (WIN) Red Sox batting - Pitching for Los Angeles (WIN) Angels : RHP Carlos Olbera
Now at 1B: Brian Spry
Now at 2B: Ryan Munro
Batting: RHB Joe Evrard 0-0: Ball
1-0: Foul Ball, location: 9LDF
1-1: Foul Ball, location: 5DF
1-2: Foul Ball, location: 2F
1-2: Ball
2-2: Ball
3-2: Ground out 4-3 (Groundball, 4, EV 83.8 MPH)
Batting: RHB Joe Sandoval 0-0: Called Strike
0-1: Called Strike
0-2: Ball
1-2: Foul Ball, location: 9LMF
1-2: Ball
2-2: Foul Ball, location: 2F
2-2: Strikes out swinging
Batting: RHB Hidesuke Yoshida 0-0: Swinging Strike
0-1: Ball
1-1: Fly out, F7 (Line Drive, 7S, EV 97.5 MPH)
Bottom of the 8th over - 0 runs, 0 hits, 0 errors, 0 left on base; Los Angeles (WIN) 3 - Boston (WIN) 2
TOP OF THE 9TH
Los Angeles (WIN) Angels batting - Pitching for Boston (WIN) Red Sox : RHP Steve Capizzi
Pitching: RHP Jim Whiteman
Batting: RHB Brian Spry 0-0: Foul Ball, location: 2LF
0-1: Swinging Strike
0-2: Strikes out swinging
Pinch Hitting: RHB Kyle Gray 0-0: Swinging Strike
0-1: Foul Ball, location: 2F
0-2: Strikes out swinging, 2-3 out at first.
Pinch Hitting: RHB Peter Westover 0-0: Ball
1-0: Foul Ball, location: 23F
1-1: Foul Ball, location: 2F
1-2: Foul Ball, location: 9LDF
1-2: Foul Ball, location: 2F
1-2: Ball
2-2: DOUBLE (Flyball, 8RXD, EV 104.4 MPH)
Batting: RHB Ivan Barrientos 0-0: Ball
1-0: Called Strike
1-1: Ball
2-1: Fly out, F7 (Flyball, 78M, EV 91.3 MPH)
Top of the 9th over - 0 runs, 1 hit, 0 errors, 1 left on base; Los Angeles (WIN) 3 - Boston (WIN) 2
BOTTOM OF THE 9TH
Boston (WIN) Red Sox batting - Pitching for Los Angeles (WIN) Angels : RHP Carlos Olbera
Pitching: RHP Josh Reynolds
Now at C: Ryuji Ito
Now at SS: Peter Westover
Batting: RHB Tony Nunez 0-0: Foul Ball, location: 5F
0-1: Swinging Strike
0-2: Ball
1-2: Foul Ball, location: 5FF
1-2: Ball
2-2: Strikes out swinging
Batting: RHB Dave Burwell 0-0: Ball
1-0: Foul Ball, location: 2F
1-1: Foul Ball, location: 9LDF
1-2: Foul Ball, location: 2F
1-2: Ball
2-2: Ball
3-2: Foul Ball, location: 2F
3-2: Foul Ball, location: 2F
3-2: SINGLE (Groundball, 6S, EV 74.4 MPH) (infield hit)
Batting: SHB Salvador Padilla 0-0: SINGLE (Groundball, 6MD, EV 101.3 MPH)
Dave Burwell to second
Runner from 2nd tries for 3rd, SAFE, throw by CF made to third
Batting: LHB Javier Cajina 0-0: Swinging Strike
Pickoff Throw to First - Out! 1-3
0-1: Ball
1-1: Ball
2-1: Ball
3-1: SINGLE (Line Drive, 89M, EV 102.5 MPH)
Dave Burwell scores
Batting: SHB Matsudaira Ikeda 0-0: Foul Ball, location: 7LSF
0-1: Foul Ball, location: 7LSFF
0-2: Ball
1-2: Strikes out looking
Bottom of the 9th over - 1 run, 3 hits, 0 errors, 1 left on base; Los Angeles (WIN) 3 - Boston (WIN) 3
TOP OF THE 10TH
Los Angeles (WIN) Angels batting - Pitching for Boston (WIN) Red Sox : RHP Jim Whiteman
Batting: LHB Jonathon Walton 0-0: Ball
1-0: Ball
2-0: SINGLE (Flyball, 78S, EV 99.4 MPH)
Batting: LHB Justin Alexander 0-0: Called Strike
0-1: Ball
1-1: DOUBLE (Line Drive, 89D, EV 92.5 MPH)
Jonathon Walton to third
Runner from 3rd tries for Home, SAFE, no throw by CF
Batting: RHB Sean Rocha 0-0: Ball
1-0: Swinging Strike
1-1: Foul Ball, location: 9LSF
1-2: Strikes out swinging
Batting: RHB Ryan Munro 0-0: Intentional Walk
Batting: RHB Ken Hillman 0-0: Called Strike
0-1: Ball
1-1: Fly out, F6 (Line Drive, 6, EV 69.4 MPH)
Batting: RHB Brian Spry 0-0: Ball
1-0: Ball
2-0: Ball
3-0: Called Strike
3-1: Foul Ball, location: 9LSF
3-2: Fly out, F8 (Flyball, 8LM, EV 93.8 MPH)
Top of the 10th over - 1 run, 2 hits, 0 errors, 2 left on base; Los Angeles (WIN) 4 - Boston (WIN) 3
BOTTOM OF THE 10TH
Boston (WIN) Red Sox batting - Pitching for Los Angeles (WIN) Angels : RHP Josh Reynolds
Pitching: RHP Danny Nava
Batting: LHB Zack Guillen 0-0: Foul Ball, location: 3F
0-1: Swinging Strike
0-2: Ball
1-2: Strikes out looking
Pinch Hitting: LHB Tim Fuller 0-0: Called Strike
0-1: Called Strike
0-2: Ball
1-2: Foul Ball, location: 25F
1-2: Strikes out looking
Batting: RHB Joe Sandoval 0-0: Fly out, F8 (Flyball, 8RXD, EV 80.0 MPH)
Bottom of the 10th over - 0 runs, 0 hits, 0 errors, 0 left on base; Los Angeles (WIN) 4 - Boston (WIN) 3
Sunday, July 16th , 2023 - OOTP Baseball 24.6 Build 69